 Dungeon Crawl Stone Soup version 0.30-a0-341-g682706514a (webtiles) character file.

Game seed: 10595485894063139583

38 Ijustatesigmund the Firebug (level 3, -3/24 HPs)
             Began as a Demonspawn Fire Elementalist on Nov 5, 2022.
             Slain by a worm (9 damage)
             ... on level 2 of the Dungeon.
             The game lasted 00:02:38 (1356 turns).

Ijustatesigmund the Firebug (DsFE)                  Turns: 1356, Time: 00:02:39

Health: -3/24      AC:  2    Str:  8    XL:     3   Next: 25%
Magic:  3/6        EV: 12    Int: 18    God:
Gold:   51         SH:  0    Dex: 13    Spells: 3/6 levels left

rFire   . . .      SeeInvis .    d - +0 long sword (vamp)
rCold   . . .      Faith    .    (no shield)
rNeg    . . .      Spirit   .    a - +0 robe
rPois   .          Reflect  .    (no helmet)
rElec   .          Harm     .    (no cloak)
rCorr   .          Rampage  .    (no gloves)
Will    .....                    (no boots)
Stlth   ++........               (no amulet)
HPRegen 0.24/turn                (no ring)
MPRegen 0.20/turn                (no ring)

@: no status effects
A: magic regeneration
a: no special abilities


You were on level 2 of the Dungeon.
You visited 1 branch of the dungeon, and saw 2 of its levels.

You collected 51 gold pieces.

Inventory:

Hand Weapons
 d - a +0 vampiric long sword (weapon)
Armour
 a - a +0 robe (worn)
Jewellery
 f - a ring of see invisible
Potions
 b - a potion of magic
 c - a potion of attraction {unknown}


   Skills:
 + Level 0.2 Long Blades
 - Level 1.7 Dodging
 - Level 1.7 Stealth
 + Level 2.3 Spellcasting
 * Level 2.1 Conjurations
 * Level 3.2 Fire Magic


You had 3 spell levels left.
You knew the following spells:

 Your Spells              Type           Power      Damage    Failure   Level
a - Foxfire               Conj/Fire      44%        2x1d6     6%          1
b - Scorch                Fire           26%        2d6       7%          2

Your spell library contained the following spells:

 Spells                   Type           Power      Damage    Failure   Level
 Inner Flame              Hex/Fire       7%         N/A       26%         3
 Kindle Blastsparks       Fire/Tloc/Air  12%        2d11      32%         3
 Flame Wave               Conj/Fire      11%        2d6       50%         4


Dungeon Overview and Level Annotations

Branches:
Dungeon (2/15)

Altars:
Hepliaklqana

Shops:
D:1 (


Innate Abilities, Weirdness & Mutations

You regenerate magic rapidly.


Message History

The quokka barely misses you. The worm bites you.
* * * LOW HITPOINT WARNING * * *
You are too injured to fight recklessly!
You are too injured to fight recklessly!
You are too injured to fight recklessly!
You are too injured to fight recklessly!
You are too injured to fight recklessly!
You are too injured to fight recklessly!
You are too injured to fight recklessly!
You are too injured to fight recklessly!
You are too injured to fight recklessly!
It was a potion of heal wounds.
You feel much better. The quokka bites you.
Casting: Foxfire (safe; 6% risk of failure)
Confirm with . or Enter, or press ? or * to list all spells.
Flames lash the worm.
The worm is moderately wounded.
The worm's fire resistance burns away.
The quokka bites you. The worm bites you. The quokka bites you. x2
* * * LOW HITPOINT WARNING * * *
Casting: Scorch (safe; 7% risk of failure)
Confirm with . or Enter, or press ? or * to list all spells.
You conjure some foxfire!
The worm bites you.
* * * LOW HITPOINT WARNING * * *
The quokka barely misses you.
The foxfire hits the quokka.
The quokka is severely wounded.
The foxfire hits the quokka.
You kill the quokka!
The worm barely misses you.
Casting: Foxfire (safe; 6% risk of failure)
Confirm with . or Enter, or press ? or * to list all spells.
You conjure some foxfire!
The worm is no longer more vulnerable to fire.
The foxfire hits the worm.
The worm is heavily wounded.
The foxfire hits the worm.
The worm is severely wounded.
The worm bites you!
You die...

#.###. #..... ######
############# #
#...........####
#...........##..
#...........##.#
#######..............#
#...w@§...#######.....
#....†....# #......
#.........# #>....).
#.(.......# #.##....
#........†# #. #....
........=.... .. .....
###........!#####
##.... #.....[...#
#....


You could see a worm.

Vanquished Creatures
  An adder (D:2)
  2 dart slugs (D:1)
  A bat (D:1)
  3 endoplasms (D:1)
  A giant cockroach (D:1)
  A hobgoblin (D:2)
  2 quokkas
  5 ball pythons
  3 frilled lizards (D:1)
  2 goblins (D:1)
  3 kobolds (D:1)
  A rat (D:1)
25 creatures vanquished.

Vanquished Creatures (others)
  52 foxfires
52 creatures vanquished.

Grand Total: 77 creatures vanquished

Notes
Turn   | Place    | Note
-------+----------+-------------------------------------------
     0 | D:1      | Ijustatesigmund the Demonspawn Fire Elementalist began the
                  | quest for the Orb.
     0 | D:1      | Reached XP level 1. HP: 13/13 MP: 3/3
   153 | D:1      | Gained mutation: You regenerate magic rapidly. [demonic
                  | ancestry]
   153 | D:1      | Reached XP level 2. HP: 19/19 MP: 0/5
   231 | D:1      | Reached skill level 3 in Fire Magic
   332 | D:1      | Learned a level 2 spell: Scorch
   599 | D:1      | Found a faded altar of an unknown god.
   823 | D:1      | Found Barubot's Antique Weapon Emporium.
  1159 | D:1      | Found a hazy altar of Hepliaklqana.
  1248 | D:2      | Reached XP level 3. HP: 13/24 MP: 1/6
  1356 | D:2      | Slain by a worm

Illustrated notes

Levels and vault maps discovered:
D:1:      dpeg_arrival_water_altar, layout_basic,
          hellmonk_ecumenical_altar_pennies_from_heaven, serial_shops, shop
D:2:      layout_basic, basic_altar

Skill      XL: |  1  2 |
---------------+-------+-----
Fire Magic     | 3 |  3.2
Conjurations   | 2 |  2.1
Long Blades    | |  0.2
Dodging        | |  1.7
Stealth        | |  1.7
Spellcasting   | |  2.3

Action                   || total
-------------------------++-------
Melee: Long sword        ||    23
       Punch             ||     1
 Cast: Foxfire           ||    31
       Scorch            ||     3
  Use: Scroll            ||     4
       Potion            ||     1
 Stab: Sleeping          ||     1
Armor: Robe              ||     9
Dodge: Dodged            ||    18

Table legend: (Time is in decaauts)
 A = Elapsed time spent in this place.
 B = Non-inter-level travel time spent in this place.
 C = Inter-level travel time spent in this place.
 D = Time resting spent in this place.
 E = Time spent auto-exploring this place.
 F = Levels seen in this place.
 G = Mean time per level.
                   A        B        C        D        E       F      G
               +--------+--------+--------+--------+--------+-----+--------+
         Total |   1372 |   1351 |     21 |    193 |    978 |   2 |  686.0 |
       Dungeon |   1372 |   1351 |     21 |    193 |    978 |   2 |  686.0 |
               +--------+--------+--------+--------+--------+-----+--------+

Top non-repeatable levels by time:
     D:1: 1206 daAuts
     D:2: 165 daAuts
